TOP OF THE 1ST |
Jacksonville Suns batting - Pitching for San Antonio Missions : RHP John Mason
|
Pitching: RHP John Mason
|
|
Batting: RHB Akira Suzuki
|
0-0: Fly out, F7 (Flyball, 78S, EV 85.6 MPH)
|
Batting: RHB Reomel Somera
|
0-0: Ball 1-0: Ground out 1-3 (Groundball, 15S, EV 68.8 MPH)
|
Batting: RHB Jack Power
|
0-0: Ball 1-0: Ball 2-0: Called Strike 2-1: Swinging Strike 2-2: Ball 3-2: Strikes out looking
|
Top of the 1st over - 0 runs, 0 hits, 0 errors, 0 left on base; Jacksonville 0 - San Antonio 0 |
BOTTOM OF THE 1ST |
San Antonio Missions batting - Pitching for Jacksonville Suns : RHP Jorge Lara
|
Pitching: RHP Jorge Lara
|
|
Batting: RHB Caleb Russell
|
0-0: Ball 1-0: SINGLE (Line Drive, 4D, EV 96.2 MPH)
|
Batting: RHB Kory Sanchez
|
0-0: Ball 1-0: Called Strike 1-1: DOUBLE (Groundball, 5L, EV 108.1 MPH) Caleb Russell to third Runner from 3rd tries for Home, SAFE, throw by LF to home
|
Batting: RHB Chase Briney
|
0-0: Called Strike 0-1: Ground out 6-3 (Groundball, 6, EV 111.2 MPH)
|
Batting: RHB Travis Carter
|
0-0: Ball 1-0: Ground out 6-3 (Groundball, 6, EV 91.9 MPH)
|
Batting: RHB Bryan Pitcher
|
0-0: Ball 1-0: Called Strike 1-1: Fly out, F8 (Flyball, 89D, EV 93.1 MPH)
|
Bottom of the 1st over - 1 run, 2 hits, 0 errors, 1 left on base; Jacksonville 0 - San Antonio 1 |
TOP OF THE 2ND |
Jacksonville Suns batting - Pitching for San Antonio Missions : RHP John Mason
|
Batting: LHB Dong-u Chang
|
0-0: SINGLE (Flyball, 6MD, EV 93.8 MPH)
|
Batting: RHB Len Graham
|
0-0: Foul Ball, location: 2F 0-1: Ball 1-1: SINGLE (Line Drive, 78S, EV 107.5 MPH) Dong-u Chang to second
|
Batting: LHB Matt McKeon
|
0-0: Ball 1-0: Ball 2-0: Fielders Choice at 2nd, 1-6 (Groundball, 13S, EV 58.1 MPH) Dong-u Chang to third
|
Batting: LHB Orlando Rivera
|
0-0: Ball Matt McKeon steals 2nd base 1-0: SINGLE (Line Drive, 6MD, EV 106.2 MPH) Dong-u Chang scores Matt McKeon to third
|
Batting: RHB Larry LeFever
|
0-0: Ball 1-0: Called Strike 1-1: Foul Ball, location: 2F 1-2: Ball 2-2: Strikes out looking Orlando Rivera steals 2nd base Batter strikes out.
|
Batting: RHB Chris Alft
|
0-0: Ball 1-0: Ball 2-0: Called Strike 2-1: Ball 3-1: Called Strike 3-2: Fly out, F8 (Flyball, 8LD, EV 107.5 MPH)
|
Top of the 2nd over - 1 run, 3 hits, 0 errors, 2 left on base; Jacksonville 1 - San Antonio 1 |
BOTTOM OF THE 2ND |
San Antonio Missions batting - Pitching for Jacksonville Suns : RHP Jorge Lara
|
Batting: RHB Jaden Scott
|
0-0: Called Strike 0-1: Foul Ball, location: 2F 0-2: Ball 1-2: Ball 2-2: Foul Ball, location: 2F 2-2: Ground out 6-3 (Groundball, 6, EV 99.4 MPH)
|
Batting: SHB Isaiah Scates
|
0-0: Called Strike 0-1: Ball 1-1: Called Strike 1-2: Ball 2-2: Ball 3-2: Strikes out looking
|
Batting: RHB Mike MacLeod
|
0-0: Ball 1-0: Called Strike 1-1: Fly out, F7 (Line Drive, 7S, EV 93.1 MPH)
|
Bottom of the 2nd over - 0 runs, 0 hits, 0 errors, 0 left on base; Jacksonville 1 - San Antonio 1 |
TOP OF THE 3RD |
Jacksonville Suns batting - Pitching for San Antonio Missions : RHP John Mason
|
Batting: RHB Akira Suzuki
|
0-0: Fly out, F9 (Flyball, 89S, EV 89.4 MPH)
|
Batting: RHB Reomel Somera
|
0-0: Ball 1-0: Foul Ball, location: 2F 1-1: Swinging Strike 1-2: Ground out U3 (Groundball, 3L, EV 103.1 MPH)
|
Batting: RHB Jack Power
|
0-0: Called Strike 0-1: Ground out 6-3 (Groundball, 6, EV 88.1 MPH)
|
Top of the 3rd over - 0 runs, 0 hits, 0 errors, 0 left on base; Jacksonville 1 - San Antonio 1 |
BOTTOM OF THE 3RD |
San Antonio Missions batting - Pitching for Jacksonville Suns : RHP Jorge Lara
|
Batting: RHB Eric Erickson
|
0-0: Ball 1-0: Fly out, F6 (Line Drive, 6, EV 66.9 MPH)
|
Batting: RHB Caleb Russell
|
0-0: Ball 1-0: Called Strike 1-1: Foul Ball, location: 2F 1-2: SINGLE (Line Drive, 9LS, EV 101.2 MPH)
|
Batting: RHB Kory Sanchez
|
0-0: Ball 1-0: Ball 2-0: Foul Ball, location: 2F 2-1: SINGLE (Groundball, 34, EV 99.4 MPH) (infield hit) Caleb Russell to second
|
Batting: RHB Chase Briney
|
0-0: Ball 1-0: Ball 2-0: Ball 3-0: Foul Ball, location: 2F 3-1: Fly out, F9 (Flyball, 9, EV 91.2 MPH)
|
Batting: RHB Travis Carter
|
0-0: Called Strike 0-1: Fly out, F8 (Flyball, 8RXD, EV 94.4 MPH)
|
Bottom of the 3rd over - 0 runs, 2 hits, 0 errors, 2 left on base; Jacksonville 1 - San Antonio 1 |
TOP OF THE 4TH |
Jacksonville Suns batting - Pitching for San Antonio Missions : RHP John Mason
|
Batting: LHB Dong-u Chang
|
0-0: Swinging Strike 0-1: Foul Ball, location: 2F 0-2: Strikes out swinging
|
Batting: RHB Len Graham
|
0-0: Ball 1-0: Foul Ball, location: 2F 1-1: Foul Ball, location: 2F 1-2: Fly out, F7 (Flyball, 7S, EV 97.5 MPH)
|
Batting: LHB Matt McKeon
|
0-0: Foul Ball, location: 2F 0-1: Foul Ball, location: 2F 0-2: Fly out, F7 (Flyball, 7D, EV 90.6 MPH)
|
Top of the 4th over - 0 runs, 0 hits, 0 errors, 0 left on base; Jacksonville 1 - San Antonio 1 |
BOTTOM OF THE 4TH |
San Antonio Missions batting - Pitching for Jacksonville Suns : RHP Jorge Lara
|
Batting: RHB Bryan Pitcher
|
0-0: Ball 1-0: Called Strike 1-1: Ball 2-1: Ground out U3 (Groundball, 34S, EV 77.5 MPH)
|
Batting: RHB Jaden Scott
|
0-0: Ball 1-0: Ball 2-0: Ball 3-0: Base on Balls
|
Batting: SHB Isaiah Scates
|
0-0: Called Strike 0-1: Ball 1-1: Foul Ball, location: 2F 1-2: Strikes out swinging
|
Batting: RHB Mike MacLeod
|
0-0: Called Strike Jaden Scott steals 2nd base (no throw) 0-1: Foul Ball, location: 2F 0-2: Fly out, F9 (Flyball, 9LSF, EV 80.0 MPH)
|
Bottom of the 4th over - 0 runs, 0 hits, 0 errors, 1 left on base; Jacksonville 1 - San Antonio 1 |
TOP OF THE 5TH |
Jacksonville Suns batting - Pitching for San Antonio Missions : RHP John Mason
|
Batting: LHB Orlando Rivera
|
0-0: Called Strike 0-1: Swinging Strike 0-2: Ball 1-2: Strikes out swinging
|
Batting: RHB Larry LeFever
|
0-0: Ball 1-0: SINGLE (Groundball, 6MD, EV 102.5 MPH)
|
Batting: RHB Chris Alft
|
0-0: Grounds into double play, 6-4-3 (Groundball, 6, EV 86.2 MPH)
|
Top of the 5th over - 0 runs, 1 hit, 0 errors, 0 left on base; Jacksonville 1 - San Antonio 1 |
BOTTOM OF THE 5TH |
San Antonio Missions batting - Pitching for Jacksonville Suns : RHP Jorge Lara
|
Batting: RHB Eric Erickson
|
0-0: Swinging Strike 0-1: Ball 1-1: Ball 2-1: Swinging Strike 2-2: Foul Ball, location: 2F 2-2: Ball 3-2: Fly out, F9 (Flyball, 9S, EV 80.0 MPH)
|
Batting: RHB Caleb Russell
|
0-0: Ball 1-0: Ball 2-0: Foul Ball, location: 2F 2-1: Swinging Strike 2-2: Strikes out swinging
|
Batting: RHB Kory Sanchez
|
0-0: Called Strike 0-1: Foul Ball, location: 2F 0-2: Strikes out swinging
|
Bottom of the 5th over - 0 runs, 0 hits, 0 errors, 0 left on base; Jacksonville 1 - San Antonio 1 |
TOP OF THE 6TH |
Jacksonville Suns batting - Pitching for San Antonio Missions : RHP John Mason
|
Batting: RHB Akira Suzuki
|
0-0: Swinging Strike 0-1: SINGLE (Groundball, 56D, EV 94.4 MPH)
|
Batting: RHB Reomel Somera
|
0-0: Called Strike Akira Suzuki is caught stealing 2nd base 2-4 0-1: Ball 1-1: Ball 2-1: Fly out, F7 (Flyball, 78D, EV 101.9 MPH)
|
Batting: RHB Jack Power
|
0-0: Called Strike 0-1: Swinging Strike 0-2: Ball 1-2: Ground out 4-3 (Groundball, 4, EV 107.5 MPH)
|
Top of the 6th over - 0 runs, 1 hit, 0 errors, 0 left on base; Jacksonville 1 - San Antonio 1 |
BOTTOM OF THE 6TH |
San Antonio Missions batting - Pitching for Jacksonville Suns : RHP Jorge Lara
|
Batting: RHB Chase Briney
|
0-0: Ball 1-0: Called Strike 1-1: Foul Ball, location: 2F 1-2: Foul Ball, location: 2F 1-2: Foul Ball, location: 2F 1-2: Ball 2-2: Foul Ball, location: 2F 2-2: Foul Ball, location: 2F 2-2: Foul Ball, location: 2F 2-2: Foul Ball, location: 2F 2-2: Ball 3-2: DOUBLE (Line Drive, 5D, EV 101.9 MPH)
|
Batting: RHB Travis Carter
|
0-0: Ball 1-0: Foul Ball, location: 2F 1-1: Ball 2-1: SINGLE (Groundball, 56D, EV 98.1 MPH) Chase Briney to third
|
Batting: RHB Bryan Pitcher
|
0-0: Ball 1-0: Called Strike 1-1: Ball 2-1: Ball 3-1: Grounds into double play, 4-6-3 (Groundball, 34, EV 86.9 MPH) Chase Briney scores
|
Batting: RHB Jaden Scott
|
0-0: Ball 1-0: Ball 2-0: Foul Ball, location: 2F 2-1: Foul Ball, location: 2F 2-2: SINGLE (Groundball, 5S, EV 68.1 MPH) (infield hit)
|
Pitching: RHP Mike Yorke
|
|
Batting: SHB Isaiah Scates
|
0-0: Ball 1-0: Swinging Strike 1-1: Called Strike 1-2: Strikes out swinging
|
Bottom of the 6th over - 1 run, 3 hits, 0 errors, 1 left on base; Jacksonville 1 - San Antonio 2 |
TOP OF THE 7TH |
Jacksonville Suns batting - Pitching for San Antonio Missions : RHP John Mason
|
Batting: LHB Dong-u Chang
|
0-0: Ball 1-0: Ball 2-0: Foul Ball, location: 2F 2-1: Swinging Strike 2-2: SINGLE (Groundball, 6S, EV 66.9 MPH) (infield hit)
|
Batting: RHB Len Graham
|
0-0: Ball 1-0: Called Strike 1-1: Ball 2-1: Called Strike 2-2: Fly out, F8 (Flyball, 8LM, EV 80.0 MPH)
|
Batting: LHB Matt McKeon
|
0-0: Foul Ball, location: 2F 0-1: SINGLE (Line Drive, 6MD, EV 104.4 MPH) Dong-u Chang to second
|
Batting: LHB Orlando Rivera
|
0-0: Foul Ball, location: 2F 0-1: Ball 1-1: Foul Ball, location: 2F 1-2: Ball 2-2: Strikes out swinging
|
Batting: RHB Larry LeFever
|
0-0: Ball 1-0: Called Strike 1-1: Foul Ball, location: 2F 1-2: Strikes out looking
|
Top of the 7th over - 0 runs, 2 hits, 0 errors, 2 left on base; Jacksonville 1 - San Antonio 2 |
BOTTOM OF THE 7TH |
San Antonio Missions batting - Pitching for Jacksonville Suns : RHP Mike Yorke
|
Batting: RHB Mike MacLeod
|
0-0: Swinging Strike 0-1: Ball 1-1: Swinging Strike 1-2: Strikes out swinging
|
Batting: RHB Eric Erickson
|
0-0: Swinging Strike 0-1: Ball 1-1: Ground out 4-3 (Groundball, 4, EV 81.9 MPH)
|
Batting: RHB Caleb Russell
|
0-0: Ball 1-0: Called Strike 1-1: Foul Ball, location: 2F 1-2: Ball 2-2: Ball 3-2: Base on Balls
|
Batting: RHB Kory Sanchez
|
0-0: Ball 1-0: Fly out, F8 (Flyball, 8LD, EV 91.2 MPH)
|
Bottom of the 7th over - 0 runs, 0 hits, 0 errors, 1 left on base; Jacksonville 1 - San Antonio 2 |
TOP OF THE 8TH |
Jacksonville Suns batting - Pitching for San Antonio Missions : RHP John Mason
|
Now at 1B: Eric Sandell
|
|
Now at 2B: Jaden Scott
|
|
Now at SS: Travis Carter
|
|
Batting: RHB Chris Alft
|
0-0: Ball 1-0: Ball 2-0: Called Strike 2-1: SINGLE (Groundball, 34D, EV 110.0 MPH)
|
Batting: RHB Akira Suzuki
|
0-0: Ball 1-0: Bunted foul 1-1: Bunt missed! 1-2: Fly out, F9 (Flyball, 9, EV 82.5 MPH)
|
Batting: RHB Reomel Somera
|
0-0: Fly out, F8 (Flyball, 8LD, EV 100.0 MPH)
|
Batting: RHB Jack Power
|
0-0: Ball 1-0: Ground out U3 (Groundball, 34, EV 87.5 MPH)
|
Top of the 8th over - 0 runs, 1 hit, 0 errors, 1 left on base; Jacksonville 1 - San Antonio 2 |
BOTTOM OF THE 8TH |
San Antonio Missions batting - Pitching for Jacksonville Suns : RHP Mike Yorke
|
Pitching: LHP Will Sledge
|
|
Batting: RHB Chase Briney
|
0-0: Ball 1-0: Ball 2-0: Called Strike 2-1: Called Strike 2-2: Strikes out looking
|
Batting: RHB Travis Carter
|
0-0: Ball 1-0: Ball 2-0: Ball 3-0: Base on Balls
|
Batting: RHB Eric Sandell
|
0-0: Called Strike 0-1: Ball 1-1: DOUBLE (Line Drive, 8LXD, EV 102.5 MPH) Travis Carter to third
|
Batting: RHB Jaden Scott
|
0-0: Intentional Walk
|
Batting: SHB Isaiah Scates
|
0-0: Called Strike 0-1: Ball 1-1: Ball 2-1: Fly out, F7 (Line Drive, 7S, EV 85.0 MPH)
|
Batting: RHB Mike MacLeod
|
0-0: Called Strike 0-1: Ball 1-1: Ball 2-1: TRIPLE (Flyball, 89XD, EV 96.2 MPH) Travis Carter scores Eric Sandell scores Jaden Scott scores
|
Pitching: RHP Tim Sherrill
|
|
Batting: RHB Eric Erickson
|
0-0: Ground out 6-3 (Groundball, 6, EV 101.9 MPH)
|
Bottom of the 8th over - 3 runs, 2 hits, 0 errors, 1 left on base; Jacksonville 1 - San Antonio 5 |
TOP OF THE 9TH |
Jacksonville Suns batting - Pitching for San Antonio Missions : RHP John Mason
|
Batting: LHB Dong-u Chang
|
0-0: Ball 1-0: SINGLE (Line Drive, 8RS, EV 105.0 MPH)
|
Batting: RHB Len Graham
|
0-0: Ball 1-0: Swinging Strike 1-1: Foul Ball, location: 2F 1-2: Ball 2-2: Fielders Choice at 2nd, 4-6 (Groundball, 4, EV 85.0 MPH)
|
Batting: LHB Matt McKeon
|
0-0: Ball 1-0: Ball 2-0: Ball 3-0: Called Strike 3-1: Base on Balls Len Graham to second
|
Pitching: RHP Andy Dunmire
|
|
Batting: LHB Orlando Rivera
|
0-0: Ball 1-0: Ball 2-0: Foul Ball, location: 2F 2-1: Foul Ball, location: 2F 2-2: Foul Ball, location: 2F 2-2: Ball 3-2: Foul Ball, location: 2F 3-2: Strikes out swinging
|
Batting: RHB Larry LeFever
|
0-0: Foul Ball, location: 2F 0-1: Foul Ball, location: 2F 0-2: Fly out, F5 (Line Drive, 5, EV 68.1 MPH)
|
Top of the 9th over - 0 runs, 1 hit, 0 errors, 2 left on base; Jacksonville 1 - San Antonio 5 |
|